[Event "Titled Tuesday Blitz May 30 Early 2023"]
[White "Chylewski, Patryk"]
[Black "Lonoff, Marc"]
[WhiteFideId "1186191"]
[BlackFideId "2001349"]
[WhiteElo "2163"]
[BlackElo "2127"]
[Result "0-1"]
[Round "03"]
[TimeControl "180+2"]
[Date "2023.05.30"]
[WhiteClock "0:00:02"]
[BlackClock "0:00:03"]

1. e4 e6 2. d4 d5 3. Nd2 Nc6 4. Ngf3 Nf6 5. e5 Nd7 6. Bd3 f6 7. exf6 Qxf6 8. c3 Bd6 9. O-O O-O 10. Qc2 h6 11. Re1 e5 12. dxe5 Ndxe5 13. Be2 Ng4 14. h3 Nge5 15. Nf1 Bxh3 16. N1h2 Bf5 17. Qb3 Be4 18. Be3 Kh8 19. Rad1 Rad8 20. Qa4 Nxf3+ 21. Nxf3 Ne5 22. Bd4 Nxf3+ 23. Bxf3 Qf4 24. Bxe4 dxe4 25. g3 Qf3 26. Rxe4 Bxg3 27. Bxg7+ Kxg7 28. Rg4+ Kh8 29. Rf1 Bxf2+ 30. Kh2 Bg3+ 31. Rxg3 Qxf1 32. Qg4 Rd2+ 33. Rg2 Rxg2+ 34. Qxg2 Rf2 0-1


[Site "https://www.chess.com"]

[Event "Titled Tuesday Blitz May 30 Early 2023"]
[White "Flis, Pawel"]
[Black "Moral Garcia, Serafin"]
[WhiteFideId "1112864"]
[BlackFideId "2201925"]
[WhiteElo "1822"]
[BlackElo "2274"]
[Result "0-1"]
[Round "03"]
[TimeControl "180+2"]
[Date "2023.05.30"]
[WhiteClock "0:00:00"]
[BlackClock "0:00:56"]

1. e4 c5 2. Nf3 e6 3. d4 cxd4 4. Nxd4 Nc6 5. Nc3 Qc7 6. Be2 a6 7. O-O Nf6 8. Kh1 Nxd4 9. Qxd4 Bc5 10. Qd3 h5 11. Be3 Ng4 12. Bxg4 hxg4 13. g3 Bxe3 14. fxe3 Qxg3 15. Qe2 Qe5 16. Qg2 b5 17. Rf4 b4 18. Ne2 Bb7 19. Rxg4 f5 20. Qg3 Bxe4+ 21. Kg1 Qxg3+ 22. Rxg3 Kf7 23. Rd1 d5 24. c4 Rad8 25. cxd5 Rxd5 26. Rxd5 Bxd5 27. Nd4 Rc8 28. Rh3 Bxa2 29. Rh4 a5 30. Kf2 Rc1 31. Nb5 Bd5 32. Nd6+ Ke7 33. Nb7 Bxb7 34. Rh7 Kf6 35. Rh8 Rc2+ 36. Kg3 Rxb2 37. h4 Be4 38. h5 a4 39. Rb8 a3 40. h6 gxh6 41. Kf4 e5+ 42. Kg3 a2 0-1


[Site "https://www.chess.com"]

[Event "Titled Tuesday Blitz May 30 Early 2023"]
[White "rionelG"]
[Black "Jaskolka, Tomasz"]
[BlackFideId "1170791"]
[WhiteElo "2112"]
[BlackElo "2155"]
[Result "1-0"]
[Round "03"]
[TimeControl "180+2"]
[Date "2023.05.30"]
[WhiteClock "0:00:14"]
[BlackClock "0:00:11"]

1. e4 d5 2. exd5 Nf6 3. d4 Bg4 4. Bb5+ c6 5. dxc6 bxc6 6. Be2 Bf5 7. Nf3 e6 8. O-O Bd6 9. c4 Nbd7 10. Nc3 O-O 11. h3 c5 12. Be3 cxd4 13. Nxd4 Bg6 14. Bf3 Rc8 15. Nxe6 Qe7 16. Nxf8 Nxf8 17. Re1 Rxc4 18. Bf4 Qxe1+ 19. Qxe1 Bxf4 20. Nd5 Nxd5 21. Bxd5 Rc2 22. b3 Bg5 23. a4 h6 24. Rd1 Bf6 25. Bc4 Bc3 26. Qe3 Bf6 27. Qxa7 Bh4 28. g3 Bf6 29. Qa8 Be7 30. Qc6 Kh7 31. a5 Ne6 32. Qd7 Bc5 33. Rd2 Rc1+ 34. Kg2 Be4+ 35. f3 Rg1+ 36. Kh2 Bxf3 37. Qd3+ g6 38. Qxf3 Ng5 39. Qd5 Kg7 40. h4 Ne6 41. Qe5+ f6 42. Qxe6 h5 43. Qg8+ Kh6 44. Qh8# 1-0


[Site "https://www.chess.com"]

[Event "Titled Tuesday Blitz May 30 Early 2023"]
[White "Bilan, Danila"]
[Black "Joubert, Dantelle"]
[WhiteFideId "24161918"]
[BlackFideId "14310813"]
[WhiteElo "2182"]
[BlackElo "1507"]
[Result "1-0"]
[Round "03"]
[TimeControl "180+2"]
[Date "2023.05.30"]
[WhiteClock "0:00:05"]
[BlackClock "0:00:00"]

1. d4 d5 2. Nf3 Nf6 3. c4 c6 4. Nc3 e6 5. cxd5 exd5 6. Bg5 Bf5 7. e3 Nbd7 8. Bd3 Bxd3 9. Qxd3 Bd6 10. O-O O-O 11. Rab1 Qe7 12. a3 a5 13. Rfc1 Rfe8 14. Na4 Qe6 15. Nc5 Bxc5 16. dxc5 Ne4 17. b4 axb4 18. axb4 Ra2 19. Rc2 Rea8 20. Bh4 h6 21. Bg3 Qf5 22. Nd4 Qg6 23. Rxa2 Rxa2 24. Qb3 Ra7 25. Rc1 Nxg3 26. hxg3 Ne5 27. b5 Nd3 28. Rd1 Nxc5 29. Qb4 Ne6 30. bxc6 Nxd4 31. Qxd4 Ra8 32. cxb7 Rb8 33. Qa7 Qd6 34. Rc1 Kh7 35. Rc8 1-0


[Site "https://www.chess.com"]

[Event "Titled Tuesday Blitz May 30 Early 2023"]
[White "Ladan, Nicholas"]
[Black "Sanchez, Robert"]
[WhiteFideId "30918855"]
[BlackFideId "2034360"]
[WhiteElo "2167"]
[BlackElo "1826"]
[Result "1-0"]
[Round "03"]
[TimeControl "180+2"]
[Date "2023.05.30"]
[WhiteClock "0:00:12"]
[BlackClock "0:01:19"]

1. a3 d5 2. b4 e5 3. Bb2 Bd6 4. f4 Nd7 5. Nf3 Qe7 6. fxe5 Nxe5 7. e3 Nf6 8. Be2 c6 9. O-O Bd7 10. Qe1 O-O-O 11. Nxe5 Bxe5 12. Bxe5 Qxe5 13. Nc3 h5 14. Qh4 Bg4 15. Rae1 d4 16. exd4 Qxd4+ 17. Qf2 Qxd2 18. Bxg4+ hxg4 19. Qxd2 Rxd2 20. Ne4 Nxe4 21. Rxe4 Rxc2 22. Rxg4 Rd8 23. Rxg7 Rd7 24. h4 b6 25. h5 Rc4 26. Rfxf7 Rd1+ 27. Kh2 Rh4+ 28. Kg3 Rxh5 29. Rxa7 1-0


[Site "https://www.chess.com"]

[Event "Titled Tuesday Blitz May 30 Early 2023"]
[White "Ilamparthi A R"]
[Black "Osiecki, Stanislaw"]
[WhiteFideId "45015775"]
[BlackFideId "1102990"]
[WhiteElo "2348"]
[BlackElo "2088"]
[Result "1-0"]
[Round "03"]
[TimeControl "180+2"]
[Date "2023.05.30"]
[WhiteClock "0:00:17"]
[BlackClock "0:00:00"]

1. e4 e6 2. d3 d5 3. Nd2 c5 4. Ngf3 d4 5. g3 Nc6 6. Bg2 e5 7. O-O Bg4 8. h3 Bh5 9. a4 Bd6 10. Nc4 Bc7 11. Qd2 h6 12. Nh4 Nge7 13. Nf5 Nxf5 14. exf5 f6 15. b3 Bf7 16. Ba3 Qe7 17. Rae1 O-O 18. Bc1 Rab8 19. Qe2 Nb4 20. f4 Bxc4 21. bxc4 Rfe8 22. Rf2 Qd7 23. fxe5 Rxe5 24. Be4 Qxa4 25. Qg4 Kh8 26. Qh5 Qd7 27. Ref1 Qe8 28. Qh4 Qf7 29. g4 Kg8 30. Rg2 Kf8 31. Qf2 a5 32. h4 Ke7 33. g5 hxg5 34. hxg5 fxg5 35. Bxg5+ Kd7 36. Bf4 Rh8 37. Qg3 Qe7 38. Qxg7 Qxg7 39. Rxg7+ Kc8 40. Rxc7+ Kxc7 41. Bxe5+ Kb6 42. Bxh8 Nxc2 43. f6 Ne3 44. Rb1+ Ka6 45. f7 1-0


[Site "https://www.chess.com"]

[Event "Titled Tuesday Blitz May 30 Early 2023"]
[White "Samunenkov, Ihor"]
[Black "Erzhanov, Arman"]
[WhiteFideId "14187086"]
[BlackFideId "4138821"]
[WhiteElo "2457"]
[BlackElo "2138"]
[Result "1-0"]
[Round "03"]
[TimeControl "180+2"]
[Date "2023.05.30"]
[WhiteClock "0:00:13"]
[BlackClock "0:00:15"]

1. e4 d6 2. d4 Nf6 3. Nc3 c6 4. f4 d5 5. e5 Ng8 6. Bd3 h5 7. f5 c5 8. dxc5 Nc6 9. Nf3 e6 10. fxe6 Bxe6 11. O-O Bxc5+ 12. Kh1 Nh6 13. Ng5 Qe7 14. Nxe6 Qxe6 15. Bxh6 Rxh6 16. Bf5 Qe7 17. Nxd5 Qd8 18. e6 fxe6 19. Bg6+ Rxg6 20. Qxh5 exd5 21. Qxg6+ Kd7 22. Qxg7+ Ne7 23. Rf7 Qg8 24. Qf6 Re8 25. Re1 Qg4 26. h3 Qg3 27. Qe6+ Kc7 28. Rf3 Qg5 29. Qf7 Kd7 30. c3 Bd6 31. Rfe3 Qg8 32. Rxe7+ Bxe7 33. Rxe7+ Rxe7 34. Qxg8 Re1+ 35. Kh2 Re8 36. Qxd5+ Kc7 37. h4 Re7 38. h5 Rd7 39. Qxd7+ Kxd7 40. h6 Ke6 41. h7 Kf7 42. h8=Q Ke6 43. Qd4 Ke7 44. Qxa7 Ke6 45. Qxb7 Kd6 46. a4 Ke6 47. a5 Ke5 48. a6 Kf4 49. a7 Ke3 50. Qf3+ Kd2 51. a8=Q Kc1 52. Qa1+ Kc2 53. Qfd1# 1-0


[Site "https://www.chess.com"]

[Event "Titled Tuesday Blitz May 30 Early 2023"]
[White "Marn, Jan"]
[Black "Goltsev, Dmitry"]
[WhiteFideId "14619245"]
[BlackFideId "24176710"]
[WhiteElo "2242"]
[BlackElo "2356"]
[Result "0-1"]
[Round "03"]
[TimeControl "180+2"]
[Date "2023.05.30"]
[WhiteClock "0:00:02"]
[BlackClock "0:01:19"]

1. d4 Nf6 2. Nf3 e6 3. e3 b6 4. Bd3 Bb7 5. b3 d6 6. Bb2 Nbd7 7. O-O g6 8. Nbd2 Bg7 9. c4 O-O 10. e4 e5 11. d5 a5 12. a3 Nc5 13. Bc2 Nh5 14. b4 axb4 15. axb4 Rxa1 16. Qxa1 Na6 17. Bc3 Nf4 18. Re1 Qd7 19. g3 Qg4 20. Bd1 Ra8 21. Nxe5 Qh3 22. gxf4 dxe5 23. Qb2 f6 24. Re3 Qh4 25. fxe5 fxe5 26. Bxe5 Qg5+ 27. Kf1 Qxe5 28. Qb3 Qxh2 29. Nf3 Qd6 30. e5 Qxb4 31. Qd3 Nc5 32. Qe2 Qb1 33. e6 Qf5 34. Bc2 Qh3+ 35. Kg1 Bh6 36. Re5 Bf4 37. e7 Re8 38. Ng5 Qh2+ 39. Kf1 Qh1# 0-1


[Site "https://www.chess.com"]

[Event "Titled Tuesday Blitz May 30 Early 2023"]
[White "Begunov, Konstantin"]
[Black "Itgelt, Khuyagtsogt"]
[WhiteFideId "4118510"]
[BlackFideId "4902912"]
[WhiteElo "2050"]
[BlackElo "2227"]
[Result "1-0"]
[Round "03"]
[TimeControl "180+2"]
[Date "2023.05.30"]
[WhiteClock "0:00:10"]
[BlackClock "0:00:12"]

1. d4 Nf6 2. c4 c6 3. Nc3 d5 4. Nf3 e6 5. cxd5 exd5 6. Bg5 Nbd7 7. Qc2 h6 8. Bh4 Bd6 9. e3 Qe7 10. Bd3 Nb6 11. O-O Bg4 12. Rfe1 Bxf3 13. gxf3 g5 14. Bg3 O-O-O 15. a4 Bxg3 16. hxg3 Nc4 17. Bxc4 dxc4 18. Ne4 g4 19. Nxf6 Qxf6 20. fxg4 Kb8 21. Qf5 Qg7 22. Kg2 Rhg8 23. Rh1 Ka8 24. Rh4 Rd5 25. Qf4 c5 26. Rd1 Rgd8 27. Qxh6 Qg8 28. g5 Rxg5 29. d5 Rg6 30. Qf4 Qg7 31. Qxc4 Qxb2 32. Qxc5 Rf6 33. Rf4 Rxf4 34. exf4 Qe2 35. Rc1 Qe4+ 36. Kg1 a6 37. Qc4 Qf3 38. Qc3 Qxd5 39. a5 Ka7 40. Re1 Rd6 41. Qb4 Rh6 42. Qe4 Qxa5 43. f5 Rc6 44. Qe3+ Qb6 45. Qxb6+ Kxb6 46. Re7 Rf6 47. g4 a5 48. Re5 a4 49. g5 Rc6 50. f6 a3 51. Re1 Rc5 52. f4 Kb5 53. Kf2 Ka4 54. Kf3 b5 55. Kg4 Rc2 56. f5 Rg2+ 57. Kh5 b4 58. g6 fxg6+ 59. fxg6 b3 60. f7 Rf2 61. g7 b2 62. g8=Q Rh2+ 63. Kg6 Rg2+ 64. Kh7 Rh2+ 65. Kg7 Rg2+ 66. Kf6 Rf2+ 67. Ke7 Re2+ 68. Kd6 b1=Q 69. Qa8+ Kb3 70. Qb7+ Kc4 71. Qxb1 Rd2+ 72. Kc6 a2 73. Qc1+ Kd3 74. Qxd2+ Kxd2 75. Ra1 Kc3 76. Rxa2 Kb4 77. Ra6 Kc4 78. Rb6 Kd4 79. f8=Q Ke5 80. Qd6+ Kf5 81. Rb5+ Ke4 82. Re5+ Kf4 83. Qf6+ Kg4 84. Rg5+ Kh4 85. Qh6# 1-0


[Site "https://www.chess.com"]

[Event "Titled Tuesday Blitz May 30 Early 2023"]
[White "Dinu, Dumitru-Daniel"]
[Black "Girya, Olga"]
[WhiteFideId "1208403"]
[BlackFideId "4195752"]
[WhiteElo "2240"]
[BlackElo "2263"]
[Result "0-1"]
[Round "03"]
[TimeControl "180+2"]
[Date "2023.05.30"]
[WhiteClock "0:00:00"]
[BlackClock "0:00:13"]

1. e4 e5 2. Nf3 Nc6 3. Bb5 a6 4. Ba4 Nf6 5. d3 Bc5 6. Nc3 d6 7. Bg5 h6 8. Bh4 g5 9. Bg3 b5 10. Bb3 Ne7 11. a4 b4 12. Ne2 Ba7 13. Qd2 a5 14. O-O-O Be6 15. Kb1 Qd7 16. Bxe6 fxe6 17. b3 O-O-O 18. h4 g4 19. Ne1 c5 20. f4 gxf3 21. Nxf3 c4 22. Bxe5 dxe5 23. Nxe5 Qc7 24. Nxc4 Nxe4 25. dxe4 Rxd2 26. Rxd2 Rd8 27. Rhd1 Rxd2 28. Rxd2 Bc5 29. g3 Nc6 30. Nf4 Nd4 31. Rd1 Qg7 32. Rd3 e5 33. Nd5 Ne2 34. Rf3 Nd4 35. Rd3 Qf8 36. Nxe5 Qf1+ 37. Kb2 Ne2 0-1


[Site "https://www.chess.com"]

[Event "Titled Tuesday Blitz May 30 Early 2023"]
[White "Harriott, Tyrell"]
[Black "Schnaider, Ilan"]
[WhiteFideId "2086484"]
[BlackFideId "169013"]
[WhiteElo "2107"]
[BlackElo "2224"]
[Result "1-0"]
[Round "03"]
[TimeControl "180+2"]
[Date "2023.05.30"]
[WhiteClock "0:00:45"]
[BlackClock "0:00:00"]

1. d4 Nf6 2. e3 g6 3. Bd3 Bg7 4. f4 d5 5. Nf3 c5 6. c3 b6 7. O-O Bb7 8. Nbd2 Ne4 9. Bb5+ Bc6 10. Bd3 O-O 11. Ne5 Bb7 12. Qf3 f5 13. Qh3 Nd7 14. Nxe4 fxe4 15. Nxd7 Bc8 16. Bb5 Rf5 17. g4 Rf7 18. Ne5 Bxe5 19. fxe5 Rxf1+ 20. Qxf1 Bxg4 21. Qf4 Bf5 22. Bd2 e6 23. Be1 g5 24. Qg3 Kh8 25. Bd2 Qe7 26. Rf1 Rg8 27. Be2 g4 28. Be1 Qg5 29. Qf4 Qg6 30. Bh4 Rf8 31. Bf6+ Kg8 32. Rf2 h5 33. Rg2 Kh7 34. h3 Rg8 35. hxg4 cxd4 36. cxd4 a5 37. g5 Rc8 38. Qf1 Rc2 39. Bd1 Rc8 40. Rh2 Qe8 41. Bxh5 Qc6 42. Be8+ Kg8 43. Bxc6 1-0


[Site "https://www.chess.com"]

[Event "Titled Tuesday Blitz May 30 Early 2023"]
[White "Terletsky, Oleg"]
[Black "Makhmudov, Shukhrat"]
[WhiteFideId "14116774"]
[BlackFideId "14200775"]
[WhiteElo "2084"]
[BlackElo "2135"]
[Result "1-0"]
[Round "03"]
[TimeControl "180+2"]
[Date "2023.05.30"]
[WhiteClock "0:00:12"]
[BlackClock "0:00:26"]

1. e4 e5 2. Nf3 Nc6 3. Nc3 Nf6 4. d4 exd4 5. Nxd4 Bb4 6. Nxc6 bxc6 7. Bd3 d5 8. exd5 cxd5 9. O-O O-O 10. Bg5 c6 11. Qf3 Bd6 12. h3 Rb8 13. Rab1 Be5 14. Na4 h6 15. Bf4 Qd6 16. Bxe5 Qxe5 17. b4 Re8 18. Nc5 Nd7 19. Nxd7 Bxd7 20. Qg3 Qxg3 21. fxg3 Re5 22. a3 g6 23. Rbe1 Rbe8 24. Rxe5 Rxe5 25. Kf2 Kg7 26. Re1 Rxe1 27. Kxe1 Kf6 28. Kd2 Ke5 29. c3 d4 30. c4 f5 31. Be2 f4 32. gxf4+ Kxf4 33. c5 Ke5 34. Bf3 h5 35. h4 Be8 36. g3 Bd7 37. a4 a6 38. a5 Bc8 39. Be2 Ke4 40. Bd3+ Kf3 41. Bxg6 Kxg3 42. Bxh5 Kxh4 43. Be8 Bb7 44. Kd3 Kg5 45. Kxd4 Kf6 46. Bh5 Ke6 47. Bg4+ Ke7 48. Ke5 Kd8 49. Kd6 Ba8 50. Bd7 Bb7 51. Bxc6 Bc8 52. Bd5 Bd7 53. c6 Bf5 54. Be6 Bxe6 55. Kxe6 Kc7 56. Kd5 Kc8 57. Kd6 Kb8 58. Kd7 Ka8 59. c7 Ka7 60. b5 axb5 61. c8=Q 1-0


[Site "https://www.chess.com"]

[Event "Titled Tuesday Blitz May 30 Early 2023"]
[White "FREDERICKtheMATE"]
[Black "Tologon tegin, Semetei"]
[BlackFideId "13800574"]
[WhiteElo "2384"]
[BlackElo "2247"]
[Result "0-1"]
[Round "03"]
[TimeControl "180+2"]
[Date "2023.05.30"]
[WhiteClock "0:01:16"]
[BlackClock "0:01:32"]

1. e4 c5 2. Nf3 e6 3. c3 d5 4. exd5 Qxd5 5. d4 Nf6 6. Be3 cxd4 7. cxd4 Nc6 8. Nc3 Qd8 9. Bd3 Be7 10. O-O O-O 11. a3 b6 12. Qe2 Bb7 13. Rfe1 Rc8 14. Rad1 Nd5 15. Ne5 Nxc3 16. bxc3 Nxe5 17. dxe5 Qc7 18. Qg4 Rfd8 19. Bd4 Bxa3 20. Qh3 g6 21. Ra1 Bb2 22. Rxa7 Bxc3 23. Bxc3 Qxc3 24. Rd1 Rxd3 0-1


[Site "https://www.chess.com"]

[Event "Titled Tuesday Blitz May 30 Early 2023"]
[White "Kubicka, Anna"]
[Black "Real_taiatai"]
[WhiteFideId "1152254"]
[WhiteElo "2144"]
[BlackElo "2381"]
[Result "1-0"]
[Round "03"]
[TimeControl "180+2"]
[Date "2023.05.30"]
[WhiteClock "0:02:22"]
[BlackClock "0:02:14"]

1. e4 e6 2. d4 d5 3. Nd2 dxe4 4. Nxe4 Nd7 5. Nf3 Ngf6 6. Bd3 Nxe4 7. Bxe4 Nf6 8. Bd3 c5 9. O-O Bd7 10. Be3 Rc8 11. Ne5 Bd6 12. Nxd7 Qxd7 13. dxc5 Bxc5 14. Bxc5 Rxc5 15. Qf3 O-O 16. Rad1 Rd5 17. c4 Rd4 18. Be2 b6 19. h3 Rd8 20. Rxd4 Qxd4 21. Rd1 Qxd1+ 22. Bxd1 h6 23. b4 Rd7 24. c5 bxc5 25. bxc5 Rc7 26. c6 Nd5 27. Ba4 g6 28. Qg3 h5 29. Qd6 Kg7 30. Bb3 Rc8 31. Bxd5 exd5 32. Qxd5 1-0


[Site "https://www.chess.com"]

[Event "Titled Tuesday Blitz May 30 Early 2023"]
[White "surrenderPLS"]
[Black "Schuh, Karsten"]
[BlackFideId "4637950"]
[WhiteElo "2520"]
[BlackElo "2138"]
[Result "0-1"]
[Round "03"]
[TimeControl "180+2"]
[Date "2023.05.30"]
[WhiteClock "0:00:02"]
[BlackClock "0:00:49"]

1. e4 c5 2. Nf3 Nc6 3. Nc3 e6 4. d4 cxd4 5. Nxd4 Qc7 6. Be3 a6 7. g4 Bb4 8. Nxc6 bxc6 9. Qd4 Bf8 10. Bg2 e5 11. Qa4 Nf6 12. Bf3 h5 13. gxh5 Nxh5 14. Rg1 Rb8 15. a3 Rxb2 16. O-O-O Rb8 17. Rg5 Nf4 18. Ne2 Ne6 19. Rg2 Qb7 20. Nc3 Qb2+ 21. Kd2 Qxa3 22. Qc4 Qb4 23. Qd3 Nc5 24. Bxc5 Qxc5 25. Rb1 Rxb1 26. Nxb1 g6 27. Nc3 Bh6+ 28. Ke2 a5 29. h4 Qa7 30. Ke1 Ba6 31. Qd1 Qc5 32. Ne2 O-O 33. h5 Kg7 34. hxg6 fxg6 35. Qxd7+ Rf7 36. Qe6 Qb4+ 37. Kf1 Qb1# 0-1


[Site "https://www.chess.com"]

[Event "Titled Tuesday Blitz May 30 Early 2023"]
[White "Bruedigam, Martin"]
[Black "Buscar, Michael"]
[WhiteFideId "24608033"]
[BlackFideId "2603616"]
[WhiteElo "2331"]
[BlackElo "2010"]
[Result "1-0"]
[Round "03"]
[TimeControl "180+2"]
[Date "2023.05.30"]
[WhiteClock "0:00:22"]
[BlackClock "0:00:02"]

1. d4 Nf6 2. c4 e6 3. Nc3 d5 4. cxd5 exd5 5. Bg5 Be7 6. e3 c6 7. Bd3 Nbd7 8. h3 Nf8 9. Qc2 Ne6 10. Bh4 g6 11. Nf3 Ng7 12. O-O Bf5 13. Bxf6 Bxf6 14. b4 a6 15. a4 O-O 16. Rab1 b5 17. Rfc1 Qd6 18. Bxf5 Nxf5 19. Ne2 Ne7 20. Nf4 Ra7 21. Nd3 Rfa8 22. Nfe5 Bxe5 23. Nxe5 Rc8 24. Qc5 Qxc5 25. Rxc5 f6 26. Nd3 Rb8 27. Ra1 Raa8 28. a5 Kf7 29. Rac1 Ke6 30. f3 Kd6 31. e4 Re8 32. Kf2 Ra7 33. h4 Rf8 34. Ke3 Re8 35. Kf4 h6 36. Kg3 Rg8 37. Kf2 Rf8 38. Nf4 Rg8 39. exd5 g5 40. Nh5 cxd5 41. Nxf6 Rf8 42. Ng4 h5 43. Ne5 gxh4 44. Nc6 Rd7 45. Nxe7 Rxe7 46. Rc6+ Kd7 47. Rc7+ Ke8 48. Rxe7+ Kxe7 49. Rc7+ Ke8 50. Ra7 Rf6 51. Rh7 Rf4 52. Ke3 Rf5 53. Rh6 Rg5 54. Kf2 Ke7 55. Rxa6 Kd7 56. Rb6 Kc7 57. Rxb5 Kc6 58. Rc5+ Kd6 59. b5 Rg7 60. b6 h3 61. gxh3 Re7 62. a6 1-0


[Site "https://www.chess.com"]

[Event "Titled Tuesday Blitz May 30 Early 2023"]
[White "KVAIDAN"]
[Black "Horak, Martin"]
[BlackFideId "367095"]
[WhiteElo "2315"]
[BlackElo "2091"]
[Result "0-1"]
[Round "03"]
[TimeControl "180+2"]
[Date "2023.05.30"]
[WhiteClock "0:01:26"]
[BlackClock "0:00:31"]

1. f4 d5 2. Nf3 Nf6 3. e3 c5 4. b3 e6 5. Bb2 Be7 6. Bd3 Nc6 7. O-O Nb4 8. Be2 O-O 9. Ne5 Bd7 10. Rf3 Ne4 11. Rh3 f6 12. Nxd7 Qxd7 13. a3 Nc6 14. Bd3 g6 15. Qe1 f5 16. c4 Bf6 17. Nc3 Rad8 18. cxd5 exd5 19. Bb5 a6 20. Bxc6 Qxc6 21. d3 Nxc3 22. Bxc3 Rfe8 23. Rc1 Re7 24. Bxf6 Qxf6 25. Rxc5 d4 26. e4 fxe4 27. dxe4 Qxf4 28. e5 d3 29. b4 d2 30. Qd1 Rxe5 31. Rxe5 Qxe5 32. Rf3 Qd4+ 33. Kh1 Rc8 34. Qb3+ Qc4 35. Qd1 Qc1 36. Rf1 Qxd1 37. Rxd1 Rc1 38. Rg1 Rxg1+ 0-1


[Site "https://www.chess.com"]

[Event "Titled Tuesday Blitz May 30 Early 2023"]
[White "Jarocka, Liwia"]
[Black "Shukhman, Anna"]
[WhiteFideId "21807558"]
[BlackFideId "54180058"]
[WhiteElo "2013"]
[BlackElo "2235"]
[Result "0-1"]
[Round "03"]
[TimeControl "180+2"]
[Date "2023.05.30"]
[WhiteClock "0:00:14"]
[BlackClock "0:00:28"]

1. d4 Nf6 2. c4 g6 3. g3 Bg7 4. Bg2 O-O 5. Nf3 d6 6. O-O Nc6 7. Nc3 a6 8. h3 Rb8 9. d5 Na5 10. Qd3 c5 11. b3 b5 12. e4 b4 13. Na4 Nxd5 14. Rb1 Nf6 15. Rd1 Bb7 16. e5 Be4 17. Qe2 Bxb1 18. exf6 Bxf6 19. Bh6 Bf5 20. Bxf8 Qxf8 21. g4 Bd7 22. Nb2 Nc6 23. Nd3 a5 24. Nf4 a4 25. Nd5 Bg7 26. bxa4 e6 27. Ne3 Nd4 28. Nxd4 cxd4 29. Nc2 Bxa4 30. Rd2 Bxc2 31. Rxc2 Qc8 32. Qd3 Qc5 33. Be4 Rc8 34. Kg2 f5 35. gxf5 gxf5 36. Bf3 d5 37. Be2 dxc4 38. Rxc4 Qd5+ 39. f3 Rxc4 40. Qxc4 Qxc4 41. Bxc4 Kf7 42. Kf2 Kf6 43. Ke2 e5 44. Kd3 Kg5 45. Be6 Kf4 46. Bd5 Bf8 47. Bc6 h5 48. Bd5 h4 49. Bc6 Bg7 50. Bd5 Kg3 51. Be6 Kxh3 52. Bxf5+ Kg3 53. Be4 h3 54. Ke2 Kf4 55. Kf2 Bf8 56. Kg1 Kg3 57. Kh1 Bc5 58. Kg1 d3+ 0-1


[Site "https://www.chess.com"]

[Event "Titled Tuesday Blitz May 30 Early 2023"]
[White "rikchessmx"]
[Black "Ronka, Erik"]
[BlackFideId "505080"]
[WhiteElo "2298"]
[BlackElo "2264"]
[Result "0-1"]
[Round "03"]
[TimeControl "180+2"]
[Date "2023.05.30"]
[WhiteClock "0:00:53"]
[BlackClock "0:01:08"]

1. e4 c6 2. d4 d5 3. Nc3 dxe4 4. Nxe4 Bf5 5. Ng3 Bg6 6. h4 h6 7. Nf3 Nd7 8. h5 Bh7 9. Bc4 e6 10. Bb3 Ngf6 11. Qe2 Be7 12. c3 O-O 13. Ne5 Nxe5 14. Qxe5 a5 15. a3 a4 16. Ba2 Qa5 17. Qe2 c5 18. Be3 Rfd8 19. O-O cxd4 20. Bxd4 Qg5 21. Rfe1 Kh8 22. Rad1 Qg4 23. Qe5 Qg5 24. Qc7 Rd7 25. Be5 Rxc7 26. Bxc7 Nxh5 27. Nxh5 Qxh5 28. Rd7 Bc5 29. Red1 Bg6 0-1


[Site "https://www.chess.com"]

[Event "Titled Tuesday Blitz May 30 Early 2023"]
[White "LangesNasenhaar"]
[Black "Levitan, Caleb Levi"]
[BlackFideId "14332620"]
[WhiteElo "2502"]
[BlackElo "1963"]
[Result "1-0"]
[Round "03"]
[TimeControl "180+2"]
[Date "2023.05.30"]
[WhiteClock "0:01:22"]
[BlackClock "0:00:00"]

1. d4 d5 2. Nc3 Nf6 3. Bf4 c5 4. e4 dxe4 5. dxc5 Bd7 6. Qd2 Nc6 7. O-O-O a6 8. Nge2 e6 9. Ng3 Bxc5 10. Ngxe4 Be7 11. Nd6+ Bxd6 12. Bxd6 Qa5 13. Kb1 O-O-O 14. Bc4 Na7 15. Nb5 Nc6 16. Qxa5 1-0


[Site "https://www.chess.com"]

[Event "Titled Tuesday Blitz May 30 Early 2023"]
[White "Ljukin, Sergei"]
[Black "Blokhin, Sofia"]
[WhiteFideId "14102200"]
[BlackFideId "4508190"]
[WhiteElo "2312"]
[BlackElo "1994"]
[Result "1-0"]
[Round "03"]
[TimeControl "180+2"]
[Date "2023.05.30"]
[WhiteClock "0:01:27"]
[BlackClock "0:00:54"]

1. e4 c5 2. Nf3 e6 3. d4 cxd4 4. Nxd4 a6 5. Bd3 Nf6 6. O-O Qc7 7. Qe2 d6 8. c4 Be7 9. Nc3 O-O 10. f4 Nc6 11. Nxc6 bxc6 12. e5 dxe5 13. fxe5 Bc5+ 14. Kh1 Nd7 15. Bf4 g6 16. Rad1 Bb7 17. Ne4 Be7 18. Nf6+ Bxf6 19. exf6 e5 20. Bg3 Rfe8 21. Qe3 Re6 22. Bf5 gxf5 23. Qg5+ Kf8 24. Rxd7 Qb6 25. Qg7+ Ke8 26. Qxf7# 1-0


[Site "https://www.chess.com"]

[Event "Titled Tuesday Blitz May 30 Early 2023"]
[White "Omariev, Maksim"]
[Black "Bashirli, Saadat"]
[WhiteFideId "4193423"]
[BlackFideId "13429990"]
[WhiteElo "2495"]
[BlackElo "1408"]
[Result "0-1"]
[Round "03"]
[TimeControl "180+2"]
[Date "2023.05.30"]
[WhiteClock "0:00:00"]
[BlackClock "0:00:56"]

1. g4 d5 2. Bg2 Bxg4 3. c4 e6 4. Qb3 Bc5 5. cxd5 exd5 6. Bxd5 Qf6 7. Qxb7 Qxf2+ 8. Kd1 Qf1+ 9. Kc2 Bf5+ 10. e4 Bg4 11. Nc3 Ne7 12. Qxa8 O-O 13. b3 Na6 14. Qxf8+ Kxf8 15. a3 Qg2 16. Bb2 Qxh1 17. Nge2 Qxh2 18. Nc1 Be3 19. Nb1 Nxd5 20. exd5 Bf5+ 21. Kc3 Qe5+ 22. Kc4 Qxb2 23. Ra2 Qxc1+ 24. Nc3 Bxd2 25. Rxd2 Qxd2 26. b4 Bd3+ 27. Kd4 Bb5+ 28. Ke5 Qxc3+ 29. Kf5 Bd3+ 30. Kf4 Qd4+ 31. Kf3 Qe4+ 32. Kf2 Qe2+ 33. Kg3 f5 34. Kf4 Qe4+ 35. Kg3 f4+ 36. Kh2 Bf1 0-1


[Site "https://www.chess.com"]

[Event "Titled Tuesday Blitz May 30 Early 2023"]
[White "MariusBieliauskas"]
[Black "Rodriguez Santiago, Jaime"]
[BlackFideId "3100898"]
[WhiteElo "2493"]
[BlackElo "2025"]
[Result "0-1"]
[Round "03"]
[TimeControl "180+2"]
[Date "2023.05.30"]
[WhiteClock "0:00:28"]
[BlackClock "0:00:27"]

1. c4 e5 2. Nc3 Nf6 3. g3 h6 4. Bg2 Bb4 5. Nf3 Nc6 6. Nd5 Nxd5 7. cxd5 e4 8. dxc6 exf3 9. cxd7+ Bxd7 10. Bxf3 c6 11. O-O O-O 12. b3 Qf6 13. Rb1 Rad8 14. Bb2 Qg6 15. d3 Rfe8 16. Qc2 Bf5 17. Qc4 Ba5 18. b4 Bb6 19. a4 a6 20. b5 cxb5 21. axb5 a5 22. Rfd1 h5 23. Rbc1 Rd7 24. Qh4 Bg4 25. Bxg4 hxg4 26. e3 Bd8 27. Rc8 Bxh4 28. Rxe8+ Kh7 29. gxh4 Rxd3 30. Rc1 Rd2 31. Rcc8 Qf5 32. h5 Qxf2+ 0-1


[Site "https://www.chess.com"]

[Event "Titled Tuesday Blitz May 30 Early 2023"]
[White "Karas, Marek"]
[Black "De Souza, Cristiano Gomes"]
[WhiteFideId "14928558"]
[BlackFideId "2151758"]
[WhiteElo "2233"]
[BlackElo "2068"]
[Result "1-0"]
[Round "03"]
[TimeControl "180+2"]
[Date "2023.05.30"]
[WhiteClock "0:00:05"]
[BlackClock "0:00:00"]

1. Nc3 Nf6 2. d4 g6 3. Bf4 d6 4. e4 c6 5. Qd2 b5 6. Bd3 b4 7. Nce2 a5 8. Nf3 Ba6 9. O-O Bg7 10. Ng3 h5 11. h4 Ng4 12. c3 Qb6 13. Nh2 Nxh2 14. Kxh2 Nd7 15. Rfe1 e5 16. dxe5 Nxe5 17. Bxa6 Rxa6 18. Qxd6 Ng4+ 19. Kg1 Qxf2+ 20. Kh1 Qa7 21. Nf5 Bf6 22. e5 Be7 23. Nxe7 Qxe7 24. Qb8+ Qd8 25. Qxd8+ Kxd8 26. e6 Ke7 27. exf7+ Kxf7 28. Bg5 Re8 29. Rxe8 Kxe8 30. Re1+ Kf8 31. Re6 bxc3 32. bxc3 Rb6 33. g3 Rb2 34. Rxg6 Rxa2 35. Rxc6 a4 36. Ra6 Rc2 37. Rxa4 Rxc3 38. Bf4 Nf2+ 39. Kg2 Nd3 40. Bg5 Ne5 41. Bf4 Ng4 42. Bd6+ Kf7 43. Ra5 Rc2+ 44. Kf3 Kg6 45. Rg5+ Kh6 46. Bf4 Rc3+ 47. Ke4 Nf6+ 48. Kf5 Rc5+ 49. Kxf6 Rc6+ 50. Kf5 Rc5+ 51. Be5 Rc1 52. Rg8 Rf1+ 53. Bf4+ Kh7 54. Ra8 Rb1 55. Ra7+ Kg8 56. Kg5 Rb5+ 57. Kf6 Rb6+ 58. Kf5 Rb5+ 59. Be5 Rb3 60. Kg6 Rxg3+ 61. Bxg3 Kf8 62. Kxh5 1-0


[Site "https://www.chess.com"]